 Dungeon Crawl Stone Soup version 0.28.0-43-g3370ac3207 (webtiles) character file.

Game seed: 3755123804270359712

15 pkoi the Conjurer (level 2, -2/20 HPs)
             Began as a Draconian Conjurer on Mar 3, 2022.
             Slain by a goblin
             ... wielding a +0 dagger
             ... led by Robin
              (3 damage)
             ... on level 1 of the Dungeon.
             The game lasted 00:01:16 (1184 turns).

pkoi the Conjurer (Draconian Conjurer)              Turns: 1184, Time: 00:01:16

Health: -2/20      AC:  4    Str:  9    XL:     2   Next: 34%
Magic:  1/5        EV: 12    Int: 18    God:
Gold:   43         SH:  0    Dex:  9    Spells: 2/5 levels left

rFire   . . .      SeeInvis .   g - +0 dagger (drain)
rCold   . . .      Faith    .   (no shield)
rNeg    . . .      Spirit   .   (armour unavailable)
rPois   .          Reflect  .   (helmet restricted)
rElec   .          Harm     .   (no cloak)
rCorr   .          Rampage  .   (no gloves)
Will    .....                   (no boots)
Stlth   ++........              (no amulet)
HPRegen 0.06/turn               (no ring)
MPRegen 0.09/turn               (no ring)

@: no status effects
A: AC +4, unfitting armour, cold-blooded
a: no special abilities


You were on level 1 of the Dungeon.
You visited 1 branch of the dungeon, and saw 2 of its levels.

You collected 43 gold pieces.

Inventory:

Hand Weapons
 c - a +0 dagger
 g - a +0 dagger of draining (weapon)
 i - a +0 vampiric dagger
Missiles
 a - a throwing net
Scrolls
 e - a scroll of teleportation {unknown}
 f - a scroll of enchant weapon {unknown}
Potions
 b - 3 potions of curing {unknown}
 d - a potion of magic {unknown}
 h - a potion of degeneration {unknown}


   Skills:
 - Level 1.7 Dodging
 - Level 1.7 Stealth
 - Level 2.0 Spellcasting
 + Level 4.6 Conjurations


You had 2 spell levels left.
You knew the following spells:

 Your Spells              Type           Power      Damage    Failure   Level
a - Magic Dart            Conj           72%        1d6       2%          1
b - Searing Ray           Conj           36%        2d5       4%          2

Your spell library contained the following spells:

 Spells                   Type           Power      Damage    Failure   Level
 Dazzling Flash           Conj/Hex       20%        N/A       21%         3
 Fulminant Prism          Conj/Hex       5%         3d7       56%         4
 Iskenderun's Mystic Bla  Conj/Tloc      10%        2d4       56%         4


Dungeon Overview and Level Annotations

Branches:
Dungeon (2/15)

Altars:

Annotations:
D:2 Robin


Innate Abilities, Weirdness & Mutations

Your plain brown scales are hard. (AC +4)
You cannot fit into any form of body armour.
You are cold-blooded and may be slowed by cold attacks.


Message History

The magic dart hits Robin but does no damage.
Robin is heavily wounded.
The magic dart hits Robin but does no damage.
Robin is heavily wounded.
A hobgoblin comes into view.
You are too depleted to draw on your mana recklessly!
You are too depleted to draw on your mana recklessly!
Robin throws the goblin at you! The goblin hits you with a +0 dagger.
You hit Robin but do no damage. You drain Robin. You tail-slap Robin.
Robin is severely wounded.
A hobgoblin comes into view.
Robin hits you with a +0 club.
* * * LOW HITPOINT WARNING * * *
The hobgoblin hits you.
* * * LOW HITPOINT WARNING * * *
The goblin misses you.
A goblin comes into view. It is wielding a +0 dagger.
A goblin comes into view. It is wielding a +0 club.
The goblin hits you but does no damage.
The goblin unwields a +0 dagger.
The goblin wields a +0 hunting sling.
The goblin shoots a stone.
The stone hits you but does no damage. Robin throws the goblin at you!
The goblin hits you but does no damage. The goblin barely misses you.
Robin throws the goblin at you! The goblin hits you with a +0 dagger.
* * * LOW HITPOINT WARNING * * *
The goblin hits you with a +0 dagger.
* * * LOW HITPOINT WARNING * * *
The goblin hits you but does no damage.
There is a stone staircase leading up here.
The goblin hits you with a +0 club.
* * * LOW HITPOINT WARNING * * *
The goblin closely misses you.
You climb upwards.
There is a stone staircase leading down here.
The goblin hits you with a +0 club.
* * * LOW HITPOINT WARNING * * *
The goblin hits you but does no damage. The goblin hits you with a +0 dagger.
You die...

#.# #.# ###.# ##########.#.#
#..........#.# #.########.#.# #.#
#.#.# #####
#.########.#.#########
#...#######.#>g@................
##...#.........g.................
.....'.............##.#.#########
##...#.#####.#.#.####.#.#########
#...#.#.........####............
#...#.#####.#...................
#...#.# #.#...####.#.#########
#...#.# #.#........#.# ####
#...#.#####.....####.#.# #...


You could see 2 goblins.

Vanquished Creatures
  A bat (D:1)
  6 goblins
  A hobgoblin (D:2)
  2 quokkas
  2 rats (D:1)
12 creatures vanquished.

Notes
Turn   | Place    | Note
-------+----------+-------------------------------------------
     0 | D:1      | pkoi the Draconian Conjurer began the quest for the Orb.
     0 | D:1      | Reached XP level 1. HP: 14/14 MP: 3/3
   674 | D:1      | Reached XP level 2. HP: 20/20 MP: 1/5
   898 | D:2      | Noticed Robin
  1030 | D:2      | Learned a level 2 spell: Searing Ray
  1183 | D:1      | HP: 1/20 [goblin/+0 club[Robin] (1)]
  1184 | D:1      | Slain by a goblin

Illustrated notes

Levels and vault maps discovered:
D:1:      minmay_arrival_wavy_path, layout_basic
D:2:      cheibrodos_pilgrimage, layout_loops_ring, serial_aquarium,
          aquarium_bridge_square [aquarium_subvault_bridge,
          aquarium_subvault_bridge, aquarium_subvault_window,
          aquarium_subvault_wall], aquarium_window_1, aquarium_window_corner,
          aquarium_view_2d, aquarium_view_2b, aquarium_balcony_1b,
          aquarium_pool_corner, shapermc_ecumenical_altar_flowoftime,
          uniq_robin, uniq_jessica

Action                   || total
-------------------------++-------
Melee: Dagger            ||     4
       Tailslap          ||     1
 Cast: Magic Dart        ||    27
Armor: Skin              ||    10
Dodge: Dodged            ||     6
